 Dungeon Crawl Stone Soup version 0.19-a0-811-gf4045fb (webtiles) character file.

164 Stormbringer the Insei (level 5, -13/41 HPs)
             Began as a Mummy Monk on June 28, 2016.
             Mangled by a yaktaur captain (19 damage)
             ... on level 1 of the Dungeon.
             The game lasted 00:08:54 (11629 turns).

Stormbringer the Insei (Mummy Monk)                Turns: 11629, Time: 00:08:54

Health: -13/41     AC:  1    Str: 14    XL:     5   Next: 21%
Magic:  5/5        EV: 14    Int:  9    God:
Gold:   168        SH:  0    Dex: 16    Spells: 0 memorised, 4 levels left

rFire  x . .     SeeInvis .       - Unarmed
rCold  + . .     Gourm    .     (no armour)
rNeg   + + +     Faith    .     (no shield)
rPois  ∞         Spirit   .     (no helmet)
rElec  .         Dismiss  .     d - +0 cloak
rCorr  .         Reflect  .     (no gloves)
SustAt .         Harm     .     (no boots)
MR     .....                    (no amulet)
Stlth  +++.......               h - ring of stealth
                                (no ring)

@: about to teleport, not resistant to hostile enchantments, fairly stealthy
A: no food or potions, fire vulnerability, cold resistance 1, negative energy
resistance 3, torment resistance, unbreathing
a: no special abilities


You were on level 1 of the Dungeon.
You were not hungry.

You visited 1 branch of the dungeon, and saw 4 of its levels.

You collected 168 gold pieces.


Innate Abilities, Weirdness & Mutations

You do not eat or drink.
Your flesh is vulnerable to fire.
You are immune to poison.
Your flesh is cold resistant. (rC+)
You are immune to negative energy. (rN+++)
You are immune to unholy pain and torment.
You can survive without breathing.


   Skills:
 - Level 3.0 Fighting
 + Level 3.6 Dodging
 - Level 1.5 Stealth
 - Level 4.0 Unarmed Combat


You had 4 spell levels left.
You didn't know any spells.

Inventory:

Missiles
 k - 46 arrows (quivered)
Armour
 d - a +0 cloak (worn)
Jewellery
 c - an uncursed amulet of rage {unknown}
 h - a ring of stealth (right hand)
Scrolls
 a - a scroll of blinking {unknown}
 b - 2 scrolls of remove curse {unknown}
 e - 2 scrolls of identify {unknown}
 f - a scroll of immolation {unknown}
 i - a scroll of enchant armour {unknown}
 j - a scroll of amnesia {unknown}
 l - a scroll of random uselessness {unknown}

Dungeon Overview and Level Annotations

Branches:
Dungeon (4/15)
 Temple: D:4-7

Altars:
Xom

Annotations:
D:3 Duffy's ghost, amateur GrTm

▒.....▒ ▒▒▒▒▒▒▒▒ ▒
▒▒▒.▒.▒ ▒......▒▒▒
▒.▒.▒ ▒.▒▒▒▒.▒..
▒.▒.▒ ▒.▒ ▒.▒..
▒▒▒.▒.▒ ▒(▒ ▒.▒..
▒...▒.▒ ▒.▒ ▒.▒..
▒▒▒.▒.▒ ▒.▒ ▒.▒..
▒c▒.▒ ▒.▒ ▒.▒..
▒M▒.▒ ▒.▒ ▒.▒..
▒.▒.▒ ▒.▒ ▒▒.▒.▒
▒.▒.▒▒▒▒▒.▒▒▒....▒
▒.▒............▒▒▒
▒.▒▒▒▒▒▒▒.▒▒▒▒....
▒.▒ ▒.........
▒.▒▒▒▒▒▒▒▒▒▒▒▒▒▒▒▒
▒.▒.........▒.%...
▒.▒.▒▒▒▒▒▒▒.▒.▒▒▒▒


You could see a yaktaur captain.


Message History

* * * don't die
* * * You closely miss the crimson imp!
The crimson imp hits you! * * * don't die
* * * You squash the crimson imp but do no damage!
The crimson imp barely misses you!
You closely miss the crimson imp! The crimson imp misses you!
You pulverise the crimson imp!
Your punch misses the crimson imp!
The crimson imp is moderately wounded!
The crimson imp barely misses you!
You closely miss the crimson imp!
The crimson imp is moderately wounded!
The crimson imp hits you but does no damage!
You pulverise the crimson imp!
The crimson imp is moderately wounded!
The crimson imp barely misses you!
You completely miss the crimson imp!
The crimson imp is moderately wounded!
The crimson imp hits you! * * * don't die
* * * The crimson imp blinks!!!
There is a stone staircase leading up here!
You climb upwards!
The yaktaur captain shouts!!!
There is a stone staircase leading down here!
You see here a bolt!
As you read the scroll labeled KUSTUBBYMUL, it crumbles to dust!
You feel strangely unstable!
It was a scroll of teleportation!
The yaktaur captain unwields an uncursed arbalest of velocity!
The yaktaur captain hits you!!!!!! rip

Action                   |  1- 3 |  4- 6 || total
-------------------------+-------+-------++-------
Melee: Unarmed           |   152 |   156 ||   308
       Punch             |     1 |     3 ||     4
  Use: Scroll            |       |     1 ||     1
 Stab: Sleeping          |     6 |     5 ||    11
       Distracted        |     1 |     4 ||     5
Armor: Skin              |    11 |     7 ||    18
Dodge: Dodged            |    87 |    82 ||   169

Vault maps used:
D:1:      mrwooster_arrival_statue
D:2:      marbit_many_paths, minmay_close_crescents
D:3:      wad_lake_hut, first_bread, ecumenical_altar_1
D:4:      lightli_temple_of_fire, lemuel_round_altar, elyvilon_altar_5,
          nemelex_dance_club_becter

Notes
Turn   | Place    | Note
--------------------------------------------------------------
     0 | D:1      | Stormbringer the Mummy Monk began the quest for the Orb.
     0 | D:1      | Reached XP level 1. HP: 18/18 MP: 1/1
   111 | D:1      | Reached XP level 2. HP: 14/24 MP: 2/2
   250 | D:1      | Reached skill level 3 in Unarmed Combat
  1113 | D:1      | You fall through a shaft!
  1712 | D:2      | Reached XP level 3. HP: 24/29 MP: 3/3
  2063 | D:2      | Found a shimmering altar of Xom.
  2707 | D:3      | Noticed Duffy's ghost (amateur GrTm)
  2969 | D:3      | Reached skill level 4 in Unarmed Combat
  2969 | D:3      | Reached XP level 4. HP: 24/35 MP: 4/4
  3758 | D:3      | Found a faded altar of an unknown god.
  4921 | D:1      | Reached skill level 3 in Dodging
 10558 | D:1      | Noticed a yaktaur captain
 11029 | D:1      | Noticed a phantom
 11347 | D:4      | Noticed an ogre
 11411 | D:4      | Reached XP level 5. HP: 14/41 MP: 5/5
 11604 | D:2      | HP: 2/41 [crimson imp (3)]
 11629 | D:1      | Mangled by a yaktaur captain

Vanquished Creatures
  A howler monkey (D:4)
  4 adders
  3 worms
  6 dart slugs (D:1)
  A giant gecko (D:2)
  An orc (D:3)
  11 bats
  4 giant cockroaches (D:1)
  7 goblins
  12 hobgoblins
  8 kobolds
  A giant newt (D:3)
  10 rats
69 creatures vanquished.
